 Dungeon Crawl Stone Soup version 0.24-a0-7-g1bb0902 (webtiles) character file.

Game seed: 10155822305843142121

170 Ijustatesigmund the Chopper (level 5, -3/47 HPs)
             Began as a Hill Orc Fighter on Jan 30, 2019.
             Slain by an ogre
             ... wielding a +0 giant spiked club
              (13 damage)
             ... on level 3 of the Dungeon.
             The game lasted 00:03:14 (2200 turns).

Ijustatesigmund the Chopper (Hill Orc Fighter)      Turns: 2200, Time: 00:03:15

Health: -3/47      AC:  7    Str: 19    XL:     5   Next: 51%
Magic:  5/5        EV:  7    Int:  8    God:
Gold:   106        SH:  9    Dex: 11    Spells: 4/4 levels left

rFire    . . .     SeeInvis .   a - +0 war axe
rCold    . . .     Gourm    .   c - +0 shield
rNeg     . . .     Faith    .   b - +0 scale mail
rPois    .         Spirit   .   (no helmet)
rElec    .         Reflect  .   (no cloak)
rCorr    .         Harm     .   (no gloves)
MR       .....                  (no boots)
Stlth    ..........             (no amulet)
HPRegen  0.15/turn              (no ring)
MPRegen  0.09/turn              (no ring)

@: no status effects
A: no striking features
a: no special abilities


You were on level 3 of the Dungeon.
You were hungry.

You visited 1 branch of the dungeon, and saw 3 of its levels.

You collected 106 gold pieces.

Inventory:

Hand Weapons
 a - a +0 war axe (weapon)
Armour
 b - a +0 scale mail (worn)
 c - a +0 shield (worn)
Scrolls
 j - a scroll of enchant weapon {unknown}
Comestibles
 f - 7 rations


   Skills:
 + Level 4.3 Fighting
 + Level 6.3 Axes
 + Level 3.9 Armour
 - Level 3.2 Shields


You had 4 spell levels left.
You didn't know any spells.
Your spell library was empty.

Dungeon Overview and Level Annotations

Branches:
Dungeon (3/15)

Altars:

Portals:
Sewer: D:3

Annotations:
D:3 2 runed translucent doors, asdu's ghost, amateur OgHu


Message History

You block the giant cockroach's attack.
Your unstable footing causes you to fumble your attack.
You block the leopard gecko's attack. The giant cockroach barely misses you.
The leopard gecko barely misses you. The leopard gecko bites you.
* * * LOW HITPOINT WARNING * * *
The giant cockroach barely misses you.
The leopard gecko bites you but does no damage.
The leopard gecko bites you but does no damage.
The leopard gecko closely misses you. You block the leopard gecko's attack.
The leopard gecko closely misses you.
Found a glowing drain.
The giant cockroach bites you but does no damage.
The giant cockroach barely misses you.
The giant cockroach bites you but does no damage.
There is a glowing drain here.
The giant cockroach bites you.
* * * LOW HITPOINT WARNING * * *
The ogre hits you with a +0 giant spiked club!
You die...

.....# *,*,,,,,,,,,* .....#######
*,,,,,,,,**********
.....'.....####,,####,,,,,,,>,,,,
...%.##...##†≈####≈≈##,*,,,,,,***
.....##....≈†≈s≈≈≈≈≈≈#,*,****,*
.....##..###≈≈####≈≈##,*,*,,*,*
.....##..# ####≈≈##O#,,,,,,,*,*
.....##..# #≈≈≈O≈≈#≈#*,******,*
.....##..# #≈≈ls@≈#†#*,,,,,,,,*
..######## #≈##≈≈##≈#**********
..#*,,** ##≈l####≈≈## ..#..#,*
#≈s≈≈†≈†≈≈≈# ..#≈⌠..#*
##≈≈####≈≈##***********
..+..W[≈***#### ####,,,,,,,,,,,*
..+.#.≈#*,,,,* *,,,,,,,,,,,,,,*
#.#.≈.≈(****,* *,,,,,,,,,,,,,,*
#.#≈≈.##****,*****,,,,,,,,,,,,,,*


You could see an ogre, a leopard gecko and a giant cockroach.

Vanquished Creatures
  A phantom (D:3)
  An adder (D:2)
  An ooze (D:1)
  A worm (D:2)
  A dart slug (D:1)
  3 leopard geckos
  4 giant cockroaches
  8 goblins
  4 hobgoblins
  6 jackals
  3 quokkas (D:2)
  5 bats
  2 frilled lizards (D:2)
  5 kobolds
  7 rats
52 creatures vanquished.

Notes
Turn   | Place    | Note
-------+----------+-------------------------------------------
     0 | D:1      | Ijustatesigmund the Hill Orc Fighter began the quest for
                  | the Orb.
     0 | D:1      | Reached XP level 1. HP: 19/19 MP: 1/1
    41 | D:1      | Reached skill level 3 in Axes
   472 | D:1      | Reached XP level 2. HP: 26/26 MP: 2/2
   588 | D:1      | Reached skill level 4 in Axes
   961 | D:1      | Reached XP level 3. HP: 30/31 MP: 3/3
  1464 | D:2      | Reached skill level 5 in Axes
  1788 | D:2      | Reached XP level 4. HP: 39/39 MP: 4/4
  2095 | D:3      | Noticed a phantom
  2135 | D:3      | Killed a phantom
  2135 | D:3      | Reached skill level 6 in Axes
  2135 | D:3      | Reached XP level 5. HP: 13/46 MP: 5/5
  2139 | D:3      | Found a large runed translucent door.
  2139 | D:3      | Found a large runed translucent door.
  2139 | D:3      | Noticed asdu's ghost (amateur OgHu)
  2139 | D:3      | Noticed an ogre
  2195 | D:3      | Found a glowing drain.
  2200 | D:3      | Slain by an ogre

Vault maps used:
D:1:      kilobyte_arrival_exit_the_forest
D:3:      gup_sewer_entry_bubbles, chequers_ecumenical_altar_grove,
          ebering_ghost_disaster_area, first_ration

Skill      XL: |  1  2  3  4 |
---------------+-------------+-----
Axes           | 3 4 5 6 |  6.3
Fighting       | 4 |  4.3
Armour         | |  3.9
Shields        | |  3.2

Action                   |  1- 3 |  4- 6 || total
-------------------------+-------+-------++-------
Melee: War axe           |   148 |    78 ||   226
  Use: Potion            |       |     2 ||     2
       Scroll            |       |     2 ||     2
  Eat: Chunk             |     3 |     1 ||     4
Armor: Scale mail        |    68 |    64 ||   132
Dodge: Dodged            |    50 |    30 ||    80
Block: Shield            |    80 |    62 ||   142

Table legend:
 A = Non-vault XP
 B = Vault XP
 C = Vault XP percentage of total XP
 D = Non-vault monster count
 E = Vault monster count
 F = Vault count percentage of total count
                 A         B        C        D         E       F
            +---------+---------+-------+---------+---------+-------
      Total |     234 |      10 |   4.1 |      47 |       5 |   9.6
            +---------+---------+-------+---------+---------+-------
        D:1 |      38 |       0 |   0.0 |      18 |       0 |   0.0
        D:2 |      63 |       0 |   0.0 |      27 |       0 |   0.0
        D:3 |     133 |      10 |   7.0 |       2 |       5 |  71.4
            +---------+---------+-------+---------+---------+-------
